 Dungeon Crawl Stone Soup version 0.21.1-1-g345015f (webtiles) character file.

201 tidbits the Charmwright (level 5, -5/43 HPs)
             Began as a Gnoll Skald on June 20, 2018.
             Slain by a worm (7 damage)
             ... on level 5 of the Dungeon.
             The game lasted 00:04:28 (378 turns).

tidbits the Charmwright (Gnoll Skald)                Turns: 378, Time: 00:04:29

Health: -5/43      AC:  4    Str: 13    XL:     5   Next: 79%
Magic:  1/12       EV: 14    Int: 17    God:
Gold:   30         SH:  0    Dex: 14    Spells: 3/14 levels left

rFire    . . .     SeeInvis .   h - +0 war axe
rCold    . . .     Gourm    .   (no shield)
rNeg     . . .     Faith    .   b - +0 leather armour
rPois    .         Spirit   .   (no helmet)
rElec    .         Reflect  .   (no cloak)
rCorr    .         Harm     .   (no gloves)
MR       .....     Rnd*Tele +   F - +0 pair of boots (curse)
Stlth    ++........             (no amulet)
HPRegen  0.14/turn              l - ring of teleportation (curse)
MPRegen  0.13/turn              (no ring)

@: singing, very slightly contaminated
A: distributed training, fangs 1, strong nose
a: no special abilities


You were on level 5 of the Dungeon.
You were not hungry.

You visited 1 branch of the dungeon, and saw 5 of its levels.

You collected 30 gold pieces.

Inventory:

Hand Weapons
 a - a +0 hand axe
 h - a +0 war axe (weapon)
 k - a +0 hunting sling
Missiles
 j - 17 stones (quivered)
Armour
 b - a +0 leather armour (worn)
 F - a cursed +0 pair of boots (worn)
Jewellery
 l - a cursed ring of teleportation (left hand)
   (You found it on level 5 of the Dungeon)
Scrolls
 e - 2 scrolls of fear
 g - a scroll of amnesia
 i - a scroll of identify
 m - a scroll of teleportation
Potions
 f - a potion of flight
Books
 c - a book of Battle

   Spells                             Type                      Level
   a - Infusion                       Charms                       1
   b - Shroud of Golubria             Charms/Translocation         2
   c - Song of Slaying                Charms                       2
   d - Spectral Weapon                Hexes/Charms                 3
   e - Regeneration                   Charms/Necromancy            3
Comestibles
 d - 4 rations


   Skills:
 + Level 4.8 Fighting
 + Level 1.6 Short Blades
 + Level 1.6 Long Blades
 + Level 4.8 Axes
 + Level 1.6 Maces & Flails
 + Level 1.6 Polearms
 + Level 1.6 Staves
 + Level 1.6 Slings
 + Level 1.6 Bows
 + Level 1.6 Crossbows
 + Level 1.6 Throwing
 + Level 3.0 Armour
 + Level 4.8 Dodging
 + Level 1.6 Stealth
 + Level 1.6 Shields
 + Level 1.6 Unarmed Combat
 + Level 5.2 Spellcasting
 + Level 1.2 Conjurations
 + Level 1.2 Hexes
 + Level 5.5 Charms
 + Level 1.2 Summonings
 + Level 1.2 Necromancy
 + Level 1.2 Translocations
 + Level 1.2 Transmutations
 + Level 1.2 Fire Magic
 + Level 1.2 Ice Magic
 + Level 1.2 Air Magic
 + Level 1.2 Earth Magic
 + Level 1.2 Poison Magic
 + Level 1.8 Invocations
 + Level 1.6 Evocations


You had 3 spell levels left.
You knew the following spells:

 Your Spells              Type           Power        Failure   Level  Hunger
g - Shroud of Golubria    Chrm/Tloc      ###.......   6%          2    #......
i - Infusion              Chrm           ###.         1%          1    None
r - Regeneration          Chrm/Necr      ###.......   13%         3    ###....
w - Spectral Weapon       Hex/Chrm       ###.....     13%         3    ###....
y - Song of Slaying       Chrm           ###.....     2%          2    #......


Dungeon Overview and Level Annotations

Branches:
Dungeon (5/15)
 Temple: D:4-7

Altars:
Ru


Innate Abilities, Weirdness & Mutations

Your experience applies equally to all skills.
You have very sharp teeth.
Your uncanny sense of smell can sniff out nearby items.


Message History

You see here a marble ring.
l - a marble ring You are no longer corroded.
Put on which piece of jewellery? (? for menu, Esc to quit)
You feel slightly jumpy.
Oops, that ring feels deathly cold.
l - a cursed ring of teleportation (left hand)
Okay, then.
You swap places.
Casting: Spectral Weapon
Confirm with . or Enter, or press ? or * to list all spells.
Your skin crawls.
Unknown command.
Your spectral weapon fades away.
Your skin is crawling a little less now.
A quokka comes into view.
Your skin stops crawling.
You slash the quokka!
You kill the quokka!
Found a stone staircase leading down.
Found 2 scrolls labeled NEOLOE WATUA.
You see here 2 scrolls labeled NEOLOE WATUA.
m - 2 scrolls labeled NEOLOE WATUA
As you read the scroll labeled NEOLOE WATUA, it crumbles to dust.
You feel strangely unstable.
It was a scroll of teleportation.
Found a scroll of identify.
A quokka skeleton comes into view.
Your surroundings suddenly seem different.
Found a ration and 24 stones.
Found a stone staircase leading down.
You are suddenly yanked towards some nearby monsters!
Your surroundings suddenly seem different.
An ogre comes into view. It is wielding a giant spiked club.
The ogre shouts!
A frilled lizard comes into view.
The frilled lizard hisses angrily.
Found a scroll of fear. 2 worms and a crimson imp come into view.
Casting: Regeneration
Confirm with . or Enter, or press ? or * to list all spells.
You start singing a song of slaying.
Casting: Song of Slaying
Confirm with . or Enter, or press ? or * to list all spells.
You miscast Spectral Weapon.
You are very lightly contaminated with residual magic.
Your skin glows momentarily.
The worm barely misses you. The frilled lizard closely misses you.
The crimson imp barely misses you.
Okay, then.
You hit the crimson imp.
The crimson imp is moderately wounded.
You miss the frilled lizard. You slash the worm!
The crimson imp hits you but does no damage.
The frilled lizard barely misses you. The worm bites you.
You hit the worm.
The worm is severely wounded.
You barely miss the frilled lizard. You miss the crimson imp.
You hear an angry hiss.
The frilled lizard barely misses you. The crimson imp hits you.
You hit the worm.
The worm is almost dead.
You closely miss the frilled lizard. You closely miss the crimson imp.
The crimson imp hits you. The frilled lizard misses you.
The worm barely misses you.
The crimson imp hits you but does no damage.
The frilled lizard bites you.
* * * LOW HITPOINT WARNING * * *
You hit the ogre.
The ogre is lightly wounded.
You closely miss the frilled lizard. You completely miss the worm.
You hit the crimson imp. You hit the worm but do no damage.
The ogre barely misses you. The worm barely misses you. x2
The frilled lizard closely misses you.
The crimson imp hits you but does no damage.
You hit the ogre.
The ogre is lightly wounded.
You hit the worm. You hit the crimson imp. You hit the worm.
You slash the frilled lizard!
You kill the frilled lizard!
The ogre closely misses you.
The crimson imp hits you but does no damage.
The worm bites you.
* * * LOW HITPOINT WARNING * * *
The worm misses you.
You barely miss the ogre.
The ogre is lightly wounded.
You hit the worm.
You kill the worm!
You closely miss the crimson imp. You hit the worm but do no damage.
The crimson imp hits you but does no damage.
The ogre closely misses you.
You hit the ogre.
The ogre is moderately wounded.
You slash the worm! You slash the crimson imp!
You kill the crimson imp!
The ogre hits you with a giant spiked club!
* * * LOW HITPOINT WARNING * * *
The worm closely misses you.
You hit the ogre.
The ogre is heavily wounded.
You hit the worm. The ogre misses you. The worm bites you!
You die...

......#
......##
#......#
##......##
#........##
#..........
#..........
#..@O......
#...w......
.............
##.........?..
##..........#
..######....
... ##.. ###.
#.


You could see an ogre and a worm.

Vanquished Creatures
  A scorpion (D:4)
  A crimson imp (D:5)
  A jelly (D:5)
  A bullfrog skeleton (D:4)
  A worker ant (D:4)
  An adder (D:2)
  2 worms
  A leopard gecko (D:2)
  A giant cockroach (D:1)
  A hobgoblin (D:1)
  3 jackals (D:3)
  A kobold (D:1)
  2 quokkas
  3 bats
  3 frilled lizards
  2 goblins
  2 rats
27 creatures vanquished.

Notes
Turn   | Place    | Note
-------+----------+-------------------------------------------
     0 | D:1      | tidbits the Gnoll Skald began the quest for the Orb.
     0 | D:1      | Reached XP level 1. HP: 20/20 MP: 6/6
    57 | D:1      | Reached XP level 2. HP: 26/26 MP: 0/7
   133 | D:2      | Learned a level 2 spell: Song of Slaying
   136 | D:2      | Learned a level 2 spell: Shroud of Golubria
   145 | D:2      | Reached XP level 3. HP: 18/31 MP: 0/9
   171 | D:3      | Learned a level 3 spell: Regeneration
   176 | D:3      | Learned a level 3 spell: Spectral Weapon
   191 | D:3      | Reached skill level 5 in Spellcasting
   246 | D:4      | Found a sacrificial altar of Ru.
   247 | D:4      | Noticed a scorpion
   254 | D:4      | Reached skill level 1 in Short Blades
   254 | D:4      | Reached skill level 1 in Long Blades
   254 | D:4      | Reached skill level 1 in Maces & Flails
   254 | D:4      | Reached skill level 1 in Polearms
   254 | D:4      | Reached skill level 1 in Staves
   254 | D:4      | Reached skill level 1 in Slings
   254 | D:4      | Reached skill level 1 in Bows
   254 | D:4      | Reached skill level 1 in Crossbows
   254 | D:4      | Reached skill level 1 in Throwing
   254 | D:4      | Reached skill level 1 in Stealth
   254 | D:4      | Reached skill level 1 in Shields
   254 | D:4      | Reached skill level 1 in Unarmed Combat
   254 | D:4      | Reached skill level 1 in Invocations
   254 | D:4      | Reached skill level 1 in Evocations
   260 | D:4      | Killed a scorpion
   260 | D:4      | Reached skill level 1 in Conjurations
   260 | D:4      | Reached skill level 1 in Hexes
   260 | D:4      | Reached skill level 1 in Summonings
   260 | D:4      | Reached skill level 1 in Necromancy
   260 | D:4      | Reached skill level 1 in Translocations
   260 | D:4      | Reached skill level 1 in Transmutations
   260 | D:4      | Reached skill level 1 in Fire Magic
   260 | D:4      | Reached skill level 1 in Ice Magic
   260 | D:4      | Reached skill level 1 in Air Magic
   260 | D:4      | Reached skill level 1 in Earth Magic
   260 | D:4      | Reached skill level 1 in Poison Magic
   260 | D:4      | Reached XP level 4. HP: 14/38 MP: 3/11
   298 | D:4      | Reached XP level 5. HP: 22/43 MP: 1/12
   308 | D:5      | Entered Level 5 of the Dungeon
   316 | D:5      | Reached skill level 3 in Armour
   368 | D:5      | Noticed an ogre
   377 | D:5      | HP: 2/43 [ogre/giant spiked club (16)]
   378 | D:5      | Slain by a worm

Skill      XL: |  1  2  3  4  5 |
---------------+----------------+-----
Spellcasting   | 5 |  5.2
Short Blades   | 1 |  1.6
Long Blades    | 1 |  1.6
Maces & Flails | 1 |  1.6
Polearms       | 1 |  1.6
Staves         | 1 |  1.6
Slings         | 1 |  1.6
Bows           | 1 |  1.6
Crossbows      | 1 |  1.6
Throwing       | 1 |  1.6
Stealth        | 1 |  1.6
Shields        | 1 |  1.6
Unarmed Combat | 1 |  1.6
Invocations    | 1 |  1.8
Evocations     | 1 |  1.6
Conjurations   | 1 |  1.2
Hexes          | 1 |  1.2
Summonings     | 1 |  1.2
Necromancy     | 1 |  1.2
Translocations | 1 |  1.2
Transmutations | 1 |  1.2
Fire Magic     | 1 |  1.2
Ice Magic      | 1 |  1.2
Air Magic      | 1 |  1.2
Earth Magic    | 1 |  1.2
Poison Magic   | 1 |  1.2
Armour         | 3 |  3.0
Fighting       | |  4.8
Axes           | |  4.8
Dodging        | |  4.8
Charms         | |  5.5

Action                   |  1- 3 |  4- 6 || total
-------------------------+-------+-------++-------
Melee: Hand axe          |    35 |       ||    35
       Bite              |     6 |     3 ||     9
       War axe           |    20 |    17 ||    37
Throw: Stone             |     3 |       ||     3
 Cast: Infusion          |     5 |       ||     5
       Regeneration      |     1 |     3 ||     4
       Song of Slaying   |     1 |     1 ||     2
       Spectral Weapon   |     1 |     1 ||     2
  Use: Potion            |     1 |       ||     1
       Scroll            |       |     3 ||     3
 Stab: Sleeping          |       |     1 ||     1
Armor: Leather armour    |     7 |     5 ||    12
Dodge: Dodged            |    38 |    21 ||    59

Table legend:
 A = Turns spent in this place as a percentage of turns spent in the entire game.
 B = Non-inter-level travel turns spent in this place as a percentage of non-inter-level travel turns spent in the entire game.
 C = Inter-level travel turns spent in this place as a percentage of turns spent in this place.
 D = Turns resting spent in this place as a percentage of non-inter-level travel turns spent in this place.
 E = Turns spent auto-exploring this place as a percentage of non-inter-level travel turns spent in this place.
 F = Non-inter-level travel turns spent in this place divided by the number of levels of this place that you've seen.
                   A       B       C       D       E      F
               +-------+-------+-------+-------+-------+----------------------
         Total | 100.0 | 100.0 |   0.0 |   0.0 |   0.0 |  75.6
       Dungeon | 100.0 | 100.0 |   0.0 |   0.0 |   0.0 |  75.6
               +-------+-------+-------+-------+-------+----------------------

Table legend:
 A = Kills in this place as a percentage of kills in entire the game.
 B = Kills by you in this place as a percentage of kills by you in the entire game.
 C = Kills by friends in this place as a percentage of kills by friends in the entire game.
 D = Other kills in this place as a percentage of other kills in the entire game.
 E = Experience gained in this place as a percentage of experience gained in the entire game.
 F = Experience gained in this place divided by the number of levels of this place that you have seen.
                   A       B       C       D       E      F
               +-------+-------+-------+-------+-------+----------------------
         Total | 100.0 | 100.0 |   N/A |   N/A | 100.0 |  57.6
       Dungeon | 100.0 | 100.0 |   N/A |   N/A | 100.0 |  57.6
               +-------+-------+-------+-------+-------+----------------------

Vault maps used:
D:1:      noname_arrival_rooms_in_the_neighbourhood
D:2:      old_standard_altar, nemelex_diamond_rough_becter, uniq_jessica
D:3:      old_standard_altar, nemelex_xobeh_ov_fountains_minmay,
          gammafunk_temple_overflow_forgotten
D:4:      cheibrodos_old_hovel, lemuel_round_altar, dancing_weapons_uskayaw,
          fedhas_altar_1, serial_shops, shop
D:5:      nicolae_overflow_hidden_temple, first_ration
